 Dungeon Crawl Stone Soup version 0.20-a0-517-g5f97612 (webtiles) character file.

64 Gorice the Slasher (level 4, 0/35 HPs)
             Began as a Barachian Fighter on Jan 24, 2017.
             Succumbed to Crazy Yiuf's poison
             ... on level 2 of the Dungeon.
             The game lasted 00:05:10 (1815 turns).

Gorice the Slasher (Barachian Fighter)              Turns: 1815, Time: 00:05:10

Health: 0/35       AC:  8    Str: 15    XL:     4   Next: 12%
Magic:  4/4        EV:  6    Int:  6    God:
Gold:   122        SH:  8    Dex: 10    Spells: 3/3 levels left

rFire    . . .     SeeInvis .   d - +0 dagger (venom)
rCold    . . .     Gourm    .   h - +0 scale mail
rNeg     . . .     Faith    .   c - +0 shield
rPois    .         Spirit   .   (no helmet)
rElec    .         Reflect  .   (no cloak)
rCorr    .         Harm     .   (no gloves)
MR       .....                  p - +0 pair of boots
Stlth    ..........             (no amulet)
Regen    0.2/turn               (no ring)
                                (no ring)

@: lethally poisoned (0 -> -15), very slightly contaminated, invisible, slow
A: swims, slowness 1, strong legs 1
a: Hop


You were on level 2 of the Dungeon.
You were not hungry.

You visited 1 branch of the dungeon, and saw 2 of its levels.

You collected 122 gold pieces.

Inventory:

Hand Weapons
 a - a +0 long sword
 b - a +0 hunting sling
 d - a +0 dagger of venom (weapon)
   (You took it off a goblin on level 1 of the Dungeon)
Missiles
 l - 3 tomahawks (quivered)
 o - 8 needles of confusion
 Z - 33 stones
Armour
 c - a +0 shield (worn)
 h - a +0 scale mail (worn)
 p - a +0 pair of boots (worn)
 t - a +0 troll leather armour
Scrolls
 i - a scroll of remove curse
 q - a scroll of recharging {unknown}
 u - a scroll of identify {unknown}
Potions
 k - a potion of invisibility {!q}
 m - a potion of curing {unknown}
 n - a potion of cure mutation {unknown}
 r - a potion of might {!q}
 s - a potion of brilliance {unknown}
Books
 j - a book of Minor Magic
Comestibles
 f - 3 bread rations {!e}


   Skills:
 - Level 3.2 Fighting
 + Level 4.7 Long Blades
 - Level 3.2 Armour
 - Level 3.0 Shields


You had 3 spell levels left.
You didn't know any spells.

Dungeon Overview and Level Annotations

Branches:
Dungeon (2/15)

Altars:

Annotations:
D:2 Crazy Yiuf


Innate Abilities, Weirdness & Mutations

You can swim through water.
You cover ground slowly.
You can hop short distances.


Message History

Crazy Yiuf rages.
Crazy Yiuf hits you but does no damage.
You hit Crazy Yiuf but do no damage.
Crazy Yiuf is lightly wounded.
You block Crazy Yiuf's attack.
Crazy Yiuf hits you with a quarterstaff of chaos.
You are poisoned.
Damage: 6 (max 6)
Your shield and scale mail prevent you from hitting Crazy Yiuf.
Crazy Yiuf is lightly wounded.
You feel sick. You block Crazy Yiuf's attack.
Damage: 2 (max 6)
Your shield and scale mail prevent you from hitting Crazy Yiuf.
Crazy Yiuf is lightly wounded.
You feel sick.
Crazy Yiuf hits you with a quarterstaff of chaos.
Crazy Yiuf burns you. Crazy Yiuf barely misses you.
Damage: 4 (max 6)
You hit Crazy Yiuf.
Crazy Yiuf is lightly wounded.
You feel sick.
Crazy Yiuf hits you with a quarterstaff of chaos!
* * * LOW HITPOINT WARNING * * *
You fade into invisibility!
You are very lightly contaminated with residual magic.
Damage: 8 (max 8)
You feel sick.
Crazy Yiuf hits you with a quarterstaff of chaos.
* * * LOW HITPOINT WARNING * * *
You are more poisoned.
Damage: 7 (max 8)
* * * LOW HITPOINT WARNING * * *
You feel sick.
Damage: 2 (max 8)
* * * LOW HITPOINT WARNING * * *
You feel sick. Crazy Yiuf closely misses you.
Damage: 1 (max 8)
* * * LOW HITPOINT WARNING * * *
You feel sick. Crazy Yiuf hits you but does no damage.
Damage: 2 (max 8) Unknown command.
Blink to where?
Press: ? - help, Dir - move target cursor, p - Crazy Yiuf
As you read the scroll of blinking, it crumbles to dust.
* * * LOW HITPOINT WARNING * * *
You feel sick.
Damage: 1 (max 8) It was a potion of invisibility.
You fade further into invisibility.
You die...

##<# ###..#
#.## #..#
#....# ##.#
###.######....#
#.##
..............#
##g##
###.######....#
#...## # #.#
####.# #....#
###.# #.#
#....# <##.#
#.###....#
.##.#
#...@....#
.##.#
#####...##
....# #####
#####


You could see Crazy Yiuf (berserk).

Vanquished Creatures
  An adder (D:2)
  2 dart slugs
  2 leopard geckos
  2 ball pythons (D:2)
  3 giant cockroaches (D:2)
  8 hobgoblins
  A quokka (D:2)
  2 bats (D:2)
  3 frilled lizards
  7 goblins
  9 kobolds
  5 rats
45 creatures vanquished.

Notes
Turn   | Place    | Note
-------+----------+-------------------------------------------
     0 | D:1      | Gorice the Barachian Fighter began the quest for the Orb.
     0 | D:1      | Reached XP level 1. HP: 18/18 MP: 1/1
   243 | D:1      | Reached skill level 3 in Long Blades
   243 | D:1      | Reached XP level 2. HP: 15/24 MP: 2/2
   759 | D:2      | Reached XP level 3. HP: 29/29 MP: 3/3
   856 | D:2      | Reached skill level 4 in Long Blades
   930 | D:2      | HP: 8/29 [poisoned by an adder]
   938 | D:2      | HP: 7/29 [poisoned by an adder]
  1461 | D:2      | Reached XP level 4. HP: 35/35 MP: 4/4
  1798 | D:2      | Found a runed door.
  1802 | D:2      | Noticed Crazy Yiuf
  1810 | D:2      | HP: 8/35 [Crazy Yiuf/quarterstaff of chaos (6)]
  1813 | D:2      | HP: 3/35 [poisoned by Crazy Yiuf]
  1815 | D:2      | Succumbed to Crazy Yiuf's poison

Vault maps used:
D:1:      nicolae_arrival_memento_mori
D:2:      minmay_tromino_i2, uniq_crazy_yiuf_cottage

Skill      XL: |  1  2  3 |
---------------+----------+-----
Long Blades    | 3 4 |  4.7
Fighting       | |  3.2
Armour         | |  3.2
Shields        | |  3.0

Action                   |  1- 3 |  4- 6 || total
-------------------------+-------+-------++-------
Melee: Dagger            |   153 |    14 ||   167
       Long sword        |     1 |       ||     1
Throw: Tomahawk          |       |     3 ||     3
  Use: Scroll            |     3 |     1 ||     4
       Potion            |       |     1 ||     1
  Eat: Chunk             |     2 |     2 ||     4
Armor: Scale mail        |    62 |    14 ||    76
Dodge: Dodged            |    27 |     9 ||    36
Block: Shield            |    75 |    12 ||    87

Table legend:
 A = Turns spent in this place as a percentage of turns spent in the entire game.
 B = Non-inter-level travel turns spent in this place as a percentage of non-inter-level travel turns spent in the entire game.
 C = Inter-level travel turns spent in this place as a percentage of turns spent in this place.
 D = Turns resting spent in this place as a percentage of non-inter-level travel turns spent in this place.
 E = Turns spent auto-exploring this place as a percentage of non-inter-level travel turns spent in this place.
 F = Non-inter-level travel turns spent in this place divided by the number of levels of this place that you've seen.
                   A       B       C       D       E      F
               +-------+-------+-------+-------+-------+----------------------
         Total | 100.0 | 100.0 |   0.3 |   1.4 |   5.3 | 320.0
       Dungeon | 100.0 | 100.0 |   0.3 |   1.4 |   5.3 | 320.0
               +-------+-------+-------+-------+-------+----------------------

Vault maps used:
D:1:      nicolae_arrival_memento_mori
D:2:      minmay_tromino_i2, uniq_crazy_yiuf_cottage
